Map: Nightscape LE

Players

Shadow - Winner!

  • Race: Zerg Zerg
  • League: Platinum
  • Spawn Location: 1:00

Nikolas - Winner!

  • Race: Protoss Protoss
  • Spawn Location: 1:00

Ney

  • Race: Terran Terran
  • Spawn Location: 7:00

Kali

  • Race: Zerg Zerg
  • Spawn Location: 7:00

VOD

Have the link to the VOD?

Description

Time

  • Played on: Jan. 24, 2023, 12:30 p.m.
  • Length: 9:23
Show
View Real Time Build Order
Export as new Build Order

Shadow Zerg - Winner!

Build Orders: Hatch First 

Get SALT Encoding   

  12  0:08  Overlord  
  12  0:13  Drone  
  13  0:17  Drone  
  14  0:28  Drone  
  14  0:35  Drone  
  16  0:40  Drone  
  17  0:57  Drone  
  17  1:01  Hatchery  
  17  1:02  Drone  
  18  1:14  Spawning Pool  
  18  1:16  Drone  
  18  1:25  Drone  
  19  1:27  Extractor  
  18  1:38  Drone  
  19  1:48  Hatchery  
  19  1:51  Drone  
  19  1:56  Extractor, Drone  
  19  2:07  Overlord  
  19  2:16  Drone  
  19  2:17  Queen  
  19  2:21  Drone  
  23  2:25  Drone  
  24  2:34  Drone  
  24  2:35  Drone  
  26  2:49  Lair  
  26  2:51  Drone  
  26  2:55  Drone  
  26  2:57  Drone  
  29  3:06  Drone  
  29  3:07  Drone  
  29  3:08  Drone  
  29  3:12  Drone x2  
  34  3:15  Drone  
  35  3:23  Spine Crawler  
  34  3:28  Drone x3  
  34  3:30  Drone  
  38  3:37  Extractor  
  37  3:41  Extractor  
  37  3:44  Drone  
  37  3:45  Drone  
  37  3:47  Drone x3  
  41  3:54  Spire  
  40  3:58  Spore Crawler  
  40  4:00  Spore Crawler  
  40  4:02  Drone  
  39  4:07  Overlord  
  39  4:08  Drone  
  40  4:10  Drone  
  40  4:12  Drone  
  40  4:15  Overlord  
  42  4:27  Spore Crawler  
  42  4:28  Spore Crawler  
  42  4:29  Drone x2  
  42  4:30  Overlord  
  42  4:33  Drone  
  42  4:34  Drone  
  42  4:37  Drone  
  45  4:51  Spine Crawler  
  44  5:05  Hydralisk Den  
  43  5:08  Mutalisk x3  
  43  5:09  Mutalisk x2, Evolution Chamber  
  43  5:11  Mutalisk  
  54  5:16  Mutalisk  
  54  5:18  Mutalisk  
  58  5:23  Mutalisk  
  58  5:25  Drone  
  58  5:27  Drone  
  62  5:34  Overlord  
  62  5:37  Drone  
  62  5:41  Drone x2  
  65  5:45  Overlord  
  65  5:54  Zerg Missile Weapons Level 1  
  65  5:59  Drone, Evolution Chamber  
  65  6:00  Grooved Spines  
  65  6:04  Drone, Hydralisk x2  
  66  6:05  Hydralisk  
  72  6:18  Hydralisk  
  72  6:19  Hydralisk x2  
  72  6:20  Hydralisk  
  80  6:53  Zerg Ground Armor Level 1  
  80  7:04  Hydralisk  
  80  7:06  Overlord x4, Lurker Den  
  81  7:08  Pneumatized Carapace  
  81  7:13  Hatchery  
  81  7:15  Hatchery  
  77  7:39  Hydralisk x3  
  77  7:40  Hydralisk x3  
  77  7:41  Hydralisk x3  
  93  7:57  Muscular Augments  
  91  8:12  Hydralisk x3  
  91  8:13  Hydralisk x3  
  91  8:14  Hydralisk x2  
  107  8:39  Drone x2  
  107  8:40  Drone x3  
  107  8:41  Drone x2  
  114  8:46  Drone x2  
  116  9:00  Infestation Pit  
  115  9:05  Drone x2  
  115  9:07  Spine Crawler  
  115  9:09  Spine Crawler  
  115  9:11  Spine Crawler  
  114  9:22  Lurker x3  
Show
View Real Time Build Order
Export as new Build Order

Nikolas Protoss - Winner!

Build Orders: 1 Gate Expand, Dark Templar Rush 

Get SALT Encoding   

  12  0:00  Probe (Chrono Boost)  
  13  0:13  Probe (Chrono Boost)  
  14  0:18  Pylon  
  14  0:19  Probe (Chrono Boost)  
  15  0:37  Gateway  
  15  0:38  Probe  
  16  1:06  Nexus  
  16  1:12  Assimilator, Probe  
  17  1:27  Cybernetics Core  
  17  1:29  Zealot  
  17  1:32  Probe  
  20  1:45  Probe  
  21  1:50  Gateway  
  21  1:57  Probe  
  22  2:08  Assimilator  
  22  2:13  Pylon  
  22  2:17  Probe (Chrono Boost)  
  22  2:18  Stalker  
  26  2:24  Probe (Chrono Boost)  
  26  2:28  Warp Gate (Chrono Boost)  
  26  2:29  Probe (Chrono Boost)  
  27  2:36  Probe (Chrono Boost)  
  28  2:38  Assimilator, Probe (Chrono Boost)  
  29  2:51  Twilight Council  
  29  2:55  Probe  
  29  2:57  Probe  
  31  3:07  Probe  
  31  3:09  Probe  
  31  3:12  Assimilator  
  33  3:14  Pylon  
  33  3:21  Probe  
  33  3:23  Gateway  
  33  3:24  Probe  
  35  3:34  Stalker  
  38  3:37  Probe x2 (Chrono Boost)  
  39  3:47  Dark Shrine  
  39  3:51  Probe (Chrono Boost)  
  40  3:58  Forge  
  40  4:02  Probe  
  41  4:09  Pylon  
  41  4:12  Stalker  
  41  4:14  Probe  
  41  4:16  Stalker  
  46  4:22  Stalker  
  48  4:26  Probe x2  
  48  4:28  Pylon  
  50  4:38  Probe x2  
  51  4:39  Gateway  
  51  4:45  Photon Cannon  
  52  4:53  Photon Cannon  
  52  5:02  Shield Battery  
  52  5:03  Probe (Chrono Boost)  
  53  5:07  Dark Templar x2  
  53  5:13  Probe (Chrono Boost)  
  58  5:20  Stalker, Protoss Ground Armor Level 1  
  60  5:23  Probe  
  61  5:32  Robotics Facility  
  61  5:35  Robotics Facility  
  61  5:44  Dark Templar x2  
  61  5:45  Dark Templar  
  61  5:47  Dark Templar  
  69  5:56  Pylon  
  69  5:59  Pylon  
  69  6:10  Pylon  
  69  6:29  Stalker x3  
  69  6:30  Stalker  
  77  6:34  Robotics Bay  
  77  6:38  Photon Cannon  
  77  7:00  Stalker x3  
  77  7:01  Stalker  
  85  7:11  Gateway  
  85  7:32  Stalker  
  85  7:33  Stalker x3  
  93  7:41  Nexus  
  93  7:42  Pylon  
  91  7:45  Pylon  
  89  7:51  Colossus  
  93  7:59  Colossus  
  94  8:19  Stalker  
  96  8:20  Stalker x2  
  96  8:21  Stalker  
  96  8:26  Assimilator x2  
  102  8:28  Photon Cannon  
  102  8:32  Photon Cannon  
Show
View Real Time Build Order
Export as new Build Order

Ney Terran 

Build Orders:  

Get SALT Encoding   

  12  0:00  SCV  
  13  0:12  SCV  
  14  0:18  Supply Depot  
  14  0:25  SCV  
  15  0:39  SCV  
  16  0:42  Barracks  
  16  0:50  Refinery  
  16  0:52  SCV  
  17  1:07  SCV  
  18  1:19  SCV  
  19  1:36  Orbital Command  
  19  1:39  Barracks Reactor  
  19  1:47  Command Center  
  19  2:02  SCV  
  19  2:03  Supply Depot  
  19  2:16  SCV  
  19  2:21  Marine x2  
  22  2:28  SCV  
  23  2:38  Marine x2  
  23  2:40  SCV  
  26  2:52  SCV  
  26  2:53  Factory  
  26  2:56  Marine x2  
  29  2:58  Barracks  
  29  3:00  Refinery  
  29  3:04  Orbital Command, SCV  
  30  3:14  Marine x2  
  30  3:16  SCV  
  33  3:29  SCV  
  33  3:32  Marine x2  
  36  3:34  Supply Depot  
  36  3:40  Factory Tech Lab  
  36  3:48  Barracks Tech Lab  
  36  3:53  SCV x2  
  38  3:56  Marine  
  38  3:57  Marine  
  40  4:05  SCV x2  
  40  4:06  Supply Depot  
  40  4:07  Marine  
  43  4:10  Combat Shield  
  43  4:14  Siege Tank, Marine x2  
  48  4:17  SCV x2  
  50  4:29  Starport  
  50  4:30  Barracks  
  50  4:32  Barracks  
  50  4:38  Engineering Bay, SCV  
  51  4:40  Marine x2  
  53  4:51  Marine  
  54  4:57  SCV  
  54  4:58  SCV  
  56  5:01  Refinery  
  56  5:02  Refinery  
  56  5:07  Siege Tank  
  56  5:09  SCV  
  56  5:10  SCV  
  61  5:25  SCV  
  62  5:32  SCV  
  63  5:37  SCV, Supply Depot  
  63  5:38  Supply Depot  
  63  5:39  Supply Depot  
  64  5:44  SCV  
  64  5:47  Marine  
  64  5:48  Marine x2  
  64  5:49  SCV  
  69  5:50  Barracks Reactor  
  69  5:55  Stimpack  
  69  5:59  Siege Tank, Starport Reactor  
  69  6:03  SCV x2  
  74  6:15  SCV x2  
  44  6:55  Orbital Command  
  44  6:56  Missile Turret  
  44  6:58  Marine x4  
  44  6:59  Marine x2  
  48  7:16  Marine x5  
  48  7:17  Marine  
  48  7:18  Missile Turret  
  53  7:34  Marine x6  
  57  7:51  Marine x2  
  57  7:52  Marine x2  
  54  7:58  Marine x2  
  54  8:00  Viking x2  
  60  8:09  Marine x2  
  62  8:16  Missile Turret  
  62  8:23  SCV  
  62  8:24  SCV  
  64  8:30  Viking  
  62  8:35  SCV  
  62  8:40  Marine  
  62  8:41  Marine x3  
Show
View Real Time Build Order
Export as new Build Order

Kali Zerg 

Build Orders: Pool First 

Get SALT Encoding   

  12  0:00  Drone  
  13  0:14  Overlord  
  13  0:32  Spawning Pool  
  12  0:46  Drone  
  12  0:47  Drone x2  
  15  1:18  Drone x2  
  17  1:21  Hatchery  
  16  1:28  Queen  
  18  1:33  Extractor  
  17  1:43  Roach Warren  
  17  1:47  Drone x2  
  17  1:50  Drone  
  19  2:05  Drone  
  20  2:09  Queen  
  20  2:15  Overlord  
  22  2:30  Extractor  
  22  2:35  Drone  
  22  2:44  Drone x2  
  22  2:45  Drone x3  
  27  3:00  Drone x2  
  29  3:06  Drone  
  29  3:11  Overlord x2  
  30  3:15  Drone  
  30  3:17  Drone  
  32  3:25  Roach  
  34  3:37  Drone x3  
  34  3:38  Drone x4  
  41  3:47  Lair  
  41  3:56  Drone x3  
  41  3:59  Drone x3  
  41  4:02  Extractor  
  46  4:05  Extractor  
  46  4:06  Roach x2  
  49  4:27  Evolution Chamber  
  49  4:28  Evolution Chamber  
  49  4:29  Drone x2  
  50  4:38  Drone x2  
  50  4:39  Drone  
  50  4:40  Overlord x3  
  50  4:41  Overlord  
  52  4:57  Zerg Missile Weapons Level 1  
  52  4:58  Zerg Ground Armor Level 1  
  52  4:59  Glial Reconstitution  
  52  5:03  Burrow  
  52  5:05  Drone, Roach  
  52  5:06  Roach x3  
  61  5:21  Roach  
  61  5:22  Roach x5  
  73  5:28  Queen  
  73  5:34  Roach  
  77  5:37  Roach x3  
  83  5:47  Overlord x2  
  83  5:54  Overlord x3  
  83  6:12  Roach x3  
  83  6:13  Roach x2  
  93  6:32  Overlord x6  
  82  7:04  Drone x5  
  82  7:05  Drone x2  
  89  7:10  Queen  
  91  7:16  Ravager x4  
  91  7:17  Ravager  
  92  7:40  Roach  
  92  7:41  Roach x6  
  40  8:24  Spire  
Tags
 
Add a new tag
Caveats
  • Supply blocks, unpowered buildings, or Contaminate may cause inaccurate times.
  • Supply counts are checked every 10 seconds.